Map: Ulzaan

Players

Throwfordays

  • Race: Protoss Protoss
  • League: Silver
  • Spawn Location: 3:00

Faust

  • Race: Zerg Zerg
  • League: Diamond
  • Spawn Location: 1:00

WPR - Winner!

  • Race: Terran Terran
  • League: Bronze
  • Spawn Location: 9:00

Toni - Winner!

  • Race: Protoss Protoss
  • Spawn Location: 11:00

VOD

Have the link to the VOD?

Description

Time

  • Played on: Feb. 10, 2019, 11:10 p.m.
  • Length: 18:10
Show
View Real Time Build Order
Export as new Build Order

Throwfordays Protoss 

Build Orders: Double Forge 

Get SALT Encoding   

  12  0:00  Probe  
  13  0:12  Probe  
  14  0:18  Pylon  
  14  0:24  Probe  
  15  0:37  Probe  
  16  0:49  Gateway, Probe  
  17  0:55  Gateway  
  17  1:13  Probe  
  17  1:17  Assimilator  
  18  1:25  Probe  
  19  1:36  Cybernetics Core  
  19  1:54  Warp Gate  
  19  1:59  Assimilator  
  19  2:04  Pylon  
  19  2:09  Probe  
  19  2:14  Nexus  
  20  2:22  Probe  
  21  2:25  Pylon  
  21  2:39  Forge  
  21  2:41  Probe  
  21  2:42  Forge  
  22  2:53  Probe  
  24  3:05  Probe  
  24  3:06  Twilight Council  
  24  3:22  Photon Cannon  
  24  3:29  Probe  
  24  3:30  Pylon  
  25  3:36  Probe  
  25  3:37  Probe  
  26  3:44  Probe  
  26  3:47  Probe  
  27  3:54  Probe  
  29  3:59  Probe  
  29  4:02  Pylon  
  31  4:06  Probe  
  32  4:11  Probe  
  33  4:18  Probe  
  34  4:25  Probe  
  34  4:30  Probe  
  36  4:32  Protoss Ground Weapons Level 1  
  36  4:33  Protoss Ground Armor Level 1  
  36  4:35  Photon Cannon  
  36  4:37  Photon Cannon, Probe  
  37  4:42  Probe  
  38  4:49  Charge, Probe  
  39  4:55  Assimilator  
  39  4:58  Probe  
  39  5:01  Assimilator  
  39  5:06  Probe  
  41  5:15  Probe  
  42  5:22  Nexus, Pylon  
  42  5:26  Assimilator  
  42  5:27  Probe  
  43  5:30  Assimilator  
  43  5:40  Probe  
  44  5:42  Dark Shrine  
  44  5:44  Templar Archives  
  44  5:53  Probe  
  45  6:03  Pylon  
  45  6:05  Pylon, Probe  
  46  6:13  Probe  
  47  6:23  Photon Cannon  
  47  6:27  Photon Cannon  
  47  6:30  Psionic Storm, Photon Cannon  
  47  6:31  Probe  
  47  6:36  Probe  
  47  6:39  Probe  
  49  6:41  Probe  
  49  6:43  Protoss Ground Weapons Level 2  
  49  6:44  Protoss Ground Armor Level 2, Probe  
  51  6:49  Probe x2  
  51  6:53  Probe  
  54  6:59  Probe  
  54  7:01  Probe  
  56  7:05  Probe  
  56  7:07  Gateway  
  56  7:08  Gateway  
  58  7:11  Gateway x2, Probe  
  58  7:13  Probe  
  58  7:14  Gateway  
  60  7:16  Gateway  
  60  7:18  Probe  
  61  7:23  Probe  
  61  7:26  Probe  
  63  7:35  Probe  
  63  7:36  Robotics Facility  
  64  7:38  Robotics Facility, Probe  
  64  7:40  Robotics Facility  
  65  7:50  Probe  
  66  7:57  Pylon  
  66  8:04  Pylon  
  66  8:13  Pylon  
  66  8:31  Robotics Bay  
  66  8:33  Pylon  
  66  8:36  Pylon  
  66  8:58  Dark Templar x4  
  66  8:59  Dark Templar x4  
  82  9:12  Archon x3  
  82  9:13  Protoss Ground Weapons Level 3, Archon  
  82  9:14  Protoss Ground Armor Level 3  
  82  9:23  Photon Cannon  
  82  9:25  Pylon  
  82  9:28  Pylon  
  82  9:53  Pylon  
  82  10:16  Observer  
  82  10:17  Observer  
  84  10:24  High Templar x2  
  84  10:25  High Templar  
  84  10:26  Dark Templar x3  
  84  10:27  Dark Templar  
  98  10:31  High Templar  
  100  10:39  Archon x2  
  100  10:51  Photon Cannon  
  100  10:53  Nexus  
  100  10:54  Photon Cannon  
  100  10:56  Photon Cannon  
  100  11:04  Zealot x6  
  102  11:05  Zealot x2  
  102  11:08  Colossus x2  
  102  11:09  Colossus  
  134  11:53  Extended Thermal Lance  
  134  12:01  Colossus x2  
  134  12:03  Colossus  
  152  12:20  Pylon  
  152  12:22  Pylon  
  152  12:24  Pylon  
  152  12:26  Pylon  
  152  12:44  Dark Templar  
  143  13:17  Dark Templar x6  
  143  13:18  Dark Templar x2  
  159  13:45  Stargate x2  
  159  13:47  Stargate  
  159  13:52  Stargate  
  144  14:45  Phoenix x3  
  146  14:48  Cybernetics Core  
  146  14:52  Fleet Beacon  
  146  14:53  Probe  
  146  14:56  Assimilator  
  147  15:00  Assimilator  
  147  15:05  Probe  
  148  15:09  Phoenix  
  148  15:10  Phoenix x2  
  136  15:17  Probe  
  131  15:29  Probe  
  132  15:41  Probe  
  101  15:57  Phoenix x2  
  101  15:58  Phoenix x2  
  101  16:03  Anion Pulse-Crystals  
  87  16:13  Probe  
  88  16:22  Phoenix x2  
  88  16:23  Phoenix x2  
  88  16:25  Probe  
  115  16:40  Nexus  
  115  16:47  Phoenix x2  
  115  16:48  Assimilator, Phoenix x2  
  115  16:53  Assimilator  
  52  17:38  Stalker x3  
  52  17:39  Stalker x2  
  54  17:58  Probe  
Show
View Real Time Build Order
Export as new Build Order

Faust Zerg 

Build Orders: 1 Base Baneling Bust, Pool First 

Get SALT Encoding   

  12  0:01  Drone  
  13  0:08  Drone  
  13  0:14  Extractor  
  13  0:15  Drone  
  15  0:23  Overlord  
  15  0:42  Extractor  
  14  0:43  Drone  
  14  0:45  Spawning Pool  
  14  0:47  Drone  
  15  0:51  Drone  
  16  0:59  Drone  
  17  1:32  Queen  
  19  1:33  Zergling x6  
  22  1:43  Metabolic Boost  
  22  1:54  Overlord  
  22  2:08  Baneling Nest  
  21  2:09  Zergling x2  
  22  2:17  Zergling x2  
  22  2:18  Zergling x2  
  24  2:28  Overlord  
  24  2:38  Zergling x2  
  24  2:43  Overlord  
  25  2:47  Zergling x4  
  27  3:01  Hatchery, Drone  
  27  3:12  Drone  
  28  3:14  Zergling x4  
  28  3:15  Zergling x2  
  31  3:30  Baneling  
  31  3:31  Baneling x3  
  31  3:32  Baneling  
  31  3:33  Baneling  
  31  3:34  Zergling x4  
  31  3:40  Spore Crawler  
  32  3:42  Overlord  
  27  4:28  Drone  
  27  4:29  Drone x7  
  27  4:30  Queen  
  31  4:31  Queen  
  32  5:03  Drone x3  
  32  5:04  Drone x3  
  38  5:13  Spore Crawler  
  35  5:18  Lair  
  35  5:27  Hatchery  
  34  5:29  Drone  
  34  5:30  Drone x2  
  34  5:31  Extractor, Drone x2  
  38  5:38  Extractor  
  38  5:41  Drone x2  
  38  5:42  Extractor  
  38  5:57  Drone x3  
  40  5:58  Drone  
  41  6:19  Drone x2  
  41  6:20  Drone  
  41  6:21  Drone x4  
  41  6:22  Drone, Overlord  
  49  6:31  Drone, Hydralisk Den  
  49  6:32  Drone, Evolution Chamber  
  49  6:33  Evolution Chamber  
  48  6:41  Drone  
  49  6:53  Queen  
  49  6:54  Drone x7  
  58  7:02  Spire  
  58  7:03  Hydralisk x2  
  61  7:14  Overseer  
  61  7:43  Extractor, Drone x3  
  63  7:44  Drone x3  
  63  7:45  Extractor  
  63  7:49  Overlord  
  63  7:50  Overlord x6  
  65  7:52  Zerg Missile Weapons Level 1  
  65  7:54  Zerg Ground Armor Level 1  
  65  7:58  Hydralisk x2  
  65  7:59  Hydralisk x2  
  65  8:04  Centrifical Hooks  
  73  8:13  Drone  
  74  8:22  Pneumatized Carapace  
  74  8:47  Hydralisk x4  
  74  8:48  Hydralisk x8  
  90  8:53  Burrow  
  98  8:58  Spore Crawler x2  
  98  9:02  Spore Crawler  
  95  9:07  Muscular Augments  
  95  9:10  Zerg Flyer Weapons Level 1  
  95  9:13  Drone x2  
  98  9:24  Drone x4  
  98  9:25  Drone x3  
  98  9:27  Overlord  
  104  9:36  Spore Crawler  
  103  9:55  Overlord x4  
  103  10:06  Spore Crawler x2  
  101  10:10  Spore Crawler  
  100  10:19  Grooved Spines  
  100  10:20  Zergling x2  
  103  10:21  Zergling x30  
  103  10:22  Zergling x2  
  117  10:37  Zerg Ground Armor Level 2, Zerg Missile Weapons Level 2  
  117  10:46  Drone x5  
  122  10:51  Overlord  
  122  10:52  Overlord  
  122  10:57  Infestation Pit  
  104  11:17  Hatchery  
  87  11:35  Zergling x6  
  87  11:36  Zergling x2  
  87  11:37  Zergling x2, Hydralisk  
  87  11:38  Hydralisk x7  
  108  11:43  Zergling x4  
  110  11:48  Lurker Den  
  110  11:49  Overlord  
  110  11:50  Overlord  
  109  11:55  Hive  
  109  12:10  Baneling x8  
  109  12:11  Baneling x6  
  109  12:14  Zergling x10  
  109  12:15  Zergling x8  
  118  12:34  Zergling x2  
  118  12:35  Zergling x8  
  118  12:36  Hydralisk x7  
  133  12:41  Baneling  
  133  12:42  Baneling x16  
  133  12:43  Baneling  
  137  13:14  Baneling x10  
  137  13:15  Zergling x22  
  137  13:16  Zergling x12  
  154  13:29  Zerg Melee Weapons Level 1  
  154  13:30  Zerg Ground Armor Level 3  
  154  13:32  Zerg Flyer Weapons Level 2  
  154  13:43  Baneling x10  
  154  13:45  Drone x11  
  165  14:32  Corruptor  
  165  14:33  Corruptor x8  
  165  14:35  Overlord  
  165  14:36  Overlord x3  
  183  14:51  Drone  
  184  14:53  Queen  
  169  15:23  Corruptor x5  
  169  15:24  Corruptor x7  
  180  15:46  Baneling x24  
  109  16:17  Corruptor  
  109  16:18  Corruptor x14  
  139  16:35  Spire  
  139  16:37  Baneling x11  
  138  16:46  Extractor, Drone x3  
  140  16:47  Drone x3  
  140  16:48  Extractor  
  125  17:19  Corruptor x3  
  125  17:20  Corruptor x3  
  121  17:40  Baneling x3  
Show
View Real Time Build Order
Export as new Build Order

WPR Terran - Winner!

Build Orders:  

Get SALT Encoding   

  12  0:06  SCV  
  13  0:31  Supply Depot  
  13  0:32  SCV  
  14  0:39  Refinery  
  14  0:45  SCV  
  15  0:55  Barracks  
  15  0:57  SCV  
  16  1:10  SCV  
  17  1:22  SCV  
  18  1:35  Command Center  
  18  1:36  SCV  
  19  1:52  SCV, Barracks  
  20  2:05  SCV  
  21  2:11  Marine  
  21  2:12  Barracks  
  22  2:17  SCV  
  23  2:24  Refinery  
  23  2:36  Barracks Tech Lab  
  23  2:37  Supply Depot  
  23  2:40  Barracks Tech Lab  
  23  2:51  Engineering Bay  
  24  2:53  Orbital Command  
  23  3:03  Supply Depot  
  23  3:04  SCV  
  24  3:16  SCV  
  25  3:25  SCV  
  26  3:38  Orbital Command  
  26  3:39  SCV  
  27  3:47  Sensor Tower  
  27  3:48  Barracks  
  27  3:51  SCV, Concussive Shells  
  27  3:54  Barracks Tech Lab  
  28  3:58  Marine  
  29  4:09  Marine  
  30  4:14  Reaper  
  30  4:16  Marine  
  22  4:27  Marine  
  22  4:29  SCV x2  
  18  4:38  Barracks Tech Lab  
  18  4:41  SCV x2  
  19  4:53  SCV  
  19  4:54  Supply Depot  
  19  4:55  Marine x3  
  22  5:10  SCV x2  
  23  5:22  Marine x3, SCV x2  
  23  5:23  Marine  
  29  5:34  SCV x2  
  31  5:40  Marine  
  31  5:41  Marauder  
  34  5:46  Barracks  
  34  5:47  SCV x2  
  36  5:53  Refinery  
  36  5:57  Marine  
  36  5:58  Marine  
  36  5:59  SCV x2  
  36  6:03  Combat Shield  
  40  6:11  SCV, Marauder  
  43  6:23  Marine x3  
  46  6:27  SCV x2  
  46  6:32  Supply Depot  
  48  6:33  Marauder  
  50  6:40  Marine  
  50  6:43  Factory  
  51  6:55  SCV  
  51  6:56  SCV  
  53  7:12  Marine x3, Barracks, Marauder, Command Center  
  53  7:13  Marine  
  59  7:24  Stimpack  
  59  7:29  Marine  
  59  7:31  Starport  
  59  7:36  SCV  
  59  7:37  SCV  
  62  7:40  Refinery  
  62  7:56  Supply Depot  
  62  7:58  Supply Depot  
  62  8:02  Terran Infantry Weapons Level 1  
  62  8:17  Marine x3  
  62  8:18  SCV x2, Marauder  
  69  8:24  Starport Reactor  
  69  8:30  SCV x2  
  69  8:33  Marine  
  72  8:38  Marine  
  72  8:39  Marine, Marauder  
  79  9:00  Marine  
  79  9:01  Marine, Marauder  
  83  9:04  Marauder x2  
  83  9:06  Medivac x2  
  83  9:09  Supply Depot  
  88  9:12  Barracks Tech Lab  
  88  9:22  Marauder  
  90  9:25  Marauder  
  90  9:27  Barracks Tech Lab  
  94  9:31  Marauder  
  94  9:33  Barracks Tech Lab  
  94  9:35  Supply Depot  
  94  9:37  Supply Depot  
  94  9:43  Marine  
  95  9:50  Medivac x2  
  99  9:56  Terran Infantry Armor Level 1  
  99  9:57  Marauder  
  99  9:58  Marauder x4  
  109  10:03  SCV  
  109  10:04  SCV  
  109  10:05  Orbital Command  
  111  10:14  Marine  
  111  10:16  SCV x2  
  111  10:18  Marine  
  111  10:20  Barracks  
  115  10:26  Marauder  
  117  10:30  Supply Depot  
  117  10:32  Supply Depot  
  117  10:35  Supply Depot  
  117  10:52  SCV x3, Medivac, Marauder  
  117  10:53  Medivac  
  117  10:54  Marauder  
  117  10:56  Marine  
  117  10:57  Marine, Marauder x2  
  134  11:04  SCV  
  134  11:05  Command Center  
  135  11:21  Marine x3  
  135  11:22  Marauder  
  140  11:35  Marine  
  141  11:40  Supply Depot  
  141  11:42  Supply Depot  
  141  11:47  Supply Depot  
  141  12:00  Armory  
  141  12:01  Marine x2, Medivac  
  141  12:02  Marauder x2  
  141  12:03  Marine, SCV x3, Medivac  
  141  12:04  Marauder  
  157  12:09  Supply Depot  
  157  12:15  SCV  
  157  12:19  Marine  
  157  12:20  Marauder  
  157  12:21  Marine  
  162  12:23  Marine x2  
  164  12:34  Marine  
  165  12:37  Marine  
  165  12:38  SCV x3  
  165  12:39  Marauder  
  171  12:52  Refinery, SCV x2  
  171  12:53  Marine x2, SCV  
  171  12:54  Marine, Marauder  
  171  12:55  Marauder  
  180  13:01  Marauder  
  182  13:14  Medivac x2  
  182  13:19  Supply Depot  
  186  13:20  Supply Depot  
  186  13:28  Refinery  
  186  13:37  Marine x2  
  196  13:41  Marauder x4  
  196  13:44  Medivac x2  
  200  13:57  Barracks  
  187  14:21  Missile Turret x2  
  185  14:41  Barracks Tech Lab  
  183  14:49  Missile Turret  
  183  14:51  Missile Turret  
  182  15:03  SCV x2  
  127  15:15  SCV  
  90  15:25  Marine x3  
  90  15:26  Marine, Marauder  
  90  15:27  Marauder  
  68  15:33  Orbital Command  
  60  15:43  Marine  
  60  15:44  Marine, Marauder  
  60  15:47  Marine  
  60  15:48  Marauder  
  58  16:01  Marine  
  58  16:02  Marine  
  51  16:05  Marine, Marauder, Factory Tech Lab  
  51  16:09  Marine  
  52  16:19  Marauder  
  52  16:21  Marine, Command Center  
  52  16:23  Marauder  
  57  16:27  Marine  
  57  16:28  Marine  
  57  16:29  Command Center  
  61  16:40  Marauder  
  61  16:53  Marine x2  
  61  16:54  Marine, Marauder  
  68  17:01  Marauder  
  68  17:11  Marine x2  
  68  17:14  SCV  
  68  17:15  SCV  
  72  17:27  Marine x2  
  74  17:40  SCV  
  74  17:43  SCV x2  
Show
View Real Time Build Order
Export as new Build Order

Toni Protoss - Winner!

Build Orders: 1 Gate Expand, Oracle Opening, Carriers 

Get SALT Encoding   

  12  0:01  Probe  
  13  0:13  Probe  
  14  0:25  Probe  
  14  0:26  Pylon  
  15  0:35  Assimilator  
  15  0:44  Probe  
  15  0:46  Gateway  
  16  0:56  Pylon  
  16  0:58  Probe  
  17  1:10  Probe  
  18  1:34  Nexus  
  18  1:38  Probe  
  19  1:51  Cybernetics Core  
  19  1:52  Probe  
  20  2:10  Forge, Probe  
  20  2:14  Assimilator  
  21  2:15  Warp Gate  
  21  2:21  Pylon  
  21  2:38  Probe  
  21  2:39  Pylon  
  22  2:50  Stargate, Probe  
  23  2:51  Probe  
  24  3:04  Probe  
  25  3:09  Probe  
  25  3:12  Protoss Shields Level 1  
  26  3:13  Assimilator  
  26  3:14  Sentry  
  28  3:29  Probe  
  28  3:30  Probe  
  30  3:41  Oracle  
  30  3:45  Probe x2  
  35  3:57  Probe  
  35  3:58  Probe  
  35  4:10  Adept  
  35  4:15  Void Ray  
  35  4:27  Probe  
  40  4:47  Adept  
  40  4:48  Stargate  
  41  5:21  Sentry  
  43  5:22  Void Ray  
  47  5:36  Stargate  
  47  5:40  Probe x2  
  49  5:43  Assimilator  
  49  5:47  Void Ray  
  53  5:52  Probe x2  
  56  6:04  Probe x2  
  57  6:16  Probe x2  
  59  6:28  Pylon  
  59  6:33  Pylon  
  59  6:34  Pylon  
  59  6:36  Pylon  
  59  6:46  Void Ray x2  
  67  6:51  Void Ray  
  71  7:05  Probe  
  72  7:16  Adept  
  72  7:17  Probe  
  75  7:25  Nexus  
  76  7:30  Assimilator, Probe  
  76  7:33  Nexus  
  76  7:37  Assimilator  
  76  7:39  Pylon  
  77  7:46  Pylon, Fleet Beacon  
  77  7:48  Assimilator  
  77  7:49  Stargate  
  77  7:50  Stargate  
  76  7:53  Assimilator  
  76  7:59  Void Ray x2  
  76  8:05  Zealot  
  86  8:27  Adept  
  88  8:54  Probe  
  89  8:58  Probe  
  90  9:06  Probe  
  91  9:10  Probe  
  91  9:14  Tempest x2, Carrier  
  108  9:17  Carrier  
  108  9:19  Probe  
  108  9:22  Probe  
  116  9:31  Probe  
  117  9:34  Probe  
  118  9:43  Probe  
  119  9:46  Probe  
  117  10:14  Probe  
  117  10:16  Probe  
  117  10:19  Tempest, Carrier  
  117  10:20  Void Ray  
  134  10:21  Void Ray  
  134  10:26  Probe  
  134  10:28  Probe  
  140  10:31  Protoss Air Weapons Level 1  
  140  10:59  Pylon  
  140  11:00  Pylon  
  140  11:04  Pylon, Probe x2  
  140  11:05  Pylon  
  140  11:07  Pylon  
  132  11:16  Probe x2  
  134  11:26  Tempest  
  134  11:27  Void Ray, Carrier  
  134  11:28  Probe x2  
  151  11:40  Probe  
  151  11:43  Tempest  
  151  11:44  Carrier  
  163  11:49  Probe  
  163  11:53  Probe  
  165  12:01  Probe  
  166  12:02  Twilight Council  
  166  12:05  Probe  
  167  12:13  Probe  
  167  12:14  Carrier  
  174  12:17  Probe  
  175  12:25  Probe  
  175  12:26  Protoss Air Armor Level 1  
  175  12:29  Probe  
  177  12:37  Probe  
  174  13:10  Protoss Shields Level 2  
  162  13:15  Tempest x2, Carrier  
  178  13:29  Pylon  
  178  13:31  Pylon  
  178  13:32  Pylon x2  
  178  13:34  Pylon  
  178  13:42  Probe  
  178  13:47  Carrier  
  185  13:49  Mothership  
  185  13:54  Probe  
  194  14:06  Probe  
  194  14:07  Robotics Facility  
  195  14:18  Probe  
  195  14:19  Protoss Air Weapons Level 2  
  196  14:30  Probe  
  197  15:00  Observer  
  181  15:34  Tempest  
  181  15:35  Tempest, Carrier  
  197  16:11  Probe  
  178  16:12  Probe  
  179  16:23  Probe  
  179  16:25  Probe  
  181  16:28  Tempest x2  
  181  16:29  Carrier  
  197  16:35  Probe  
  197  16:37  Probe x2  
  189  17:12  Tempest  
  194  17:31  Probe  
  194  17:35  Probe x2  
  197  17:43  Probe  
  188  17:47  Probe x2  
  185  17:56  Probe  
Tags
 
Add a new tag
Caveats
  • Supply blocks, unpowered buildings, or Contaminate may cause inaccurate times.
  • Supply counts are checked every 10 seconds.